 Dungeon Crawl Stone Soup version 0.31-a0-844-gdc52ec4e09 (webtiles) character file.

Game seed: 6003462212937211769

50076 protic the Cleaver (level 14, -7/130 HPs)
             Began as a Minotaur Berserker on Sept 30, 2023.
             Was a High Priest of Trog.
             Killed from afar by an acid blob (24 damage)
             ... with a splash of acid
             ... on level 1 of the Pits of Slime.
             The game lasted 01:34:06 (15187 turns).

protic the Cleaver (Minotaur Berserker)            Turns: 15187, Time: 01:34:06

Health: -7/130     AC:  0    Str: 22    XL:     14   Next: 18%
Magic:  23/23      EV: 10    Int:  9    God:    Trog [*****.]
Gold:   1358       SH: 12    Dex: 15    Spells: 13/13 levels left

rFire   . . .        t - +1 morningstar (freeze)
rCold   . . .        B - +5 kite shield
rNeg    . . .        E - +10 plate armour {ponderous}
rPois   +            U - +3 hat of Pondering {ponderous, Will+ MP+10 Int+5}
rElec   .            k - +1 cloak
rCorr   .            (no gloves)
SInv    .            (no boots)
Will    ++++.        d - amulet of regeneration Stlth
                     R - +4 ring of slaying
HPRegen 2.21/turn    P - ring of poison resistance
MPRegen 0.18/turn

%: no passive effects
@: strong-willed, corroded, regenerating, slow
A: horns 2, retaliatory headbutt
a: Renounce Religion, Berserk, Trog's Hand, Brothers in Arms


You were on level 1 of the Pits of Slime.
You worshipped Trog.
Trog was extremely pleased with you.
You visited 4 branches of the dungeon, and saw 18 of its levels.
You also visited: Ossuary.

You collected 1682 gold pieces.
You spent 324 gold pieces at shops.

Inventory:

Hand Weapons
 j - a +2 heavy dire flail
 t - a +1 morningstar of freezing (weapon)
 C - a +2 battleaxe of flaming
 D - a +4 heavy great mace
 L - a +4 heavy war axe
 N - a +5 falchion
Missiles
 e - 61 poisoned darts (quivered)
Armour
 k - a +1 cloak (worn)
 B - a +5 kite shield (worn)
 E - a +10 plate armour of ponderousness (worn)
 H - a +2 chain mail of cold resistance
 U - the +3 hat of Pondering (worn) {ponderous, Will+ MP+10 Int+5}
   (You took it off Gastronok on level 2 of the Lair of Beasts)

   Int+5:     It affects your intelligence (+5).
   Will+:     It increases your willpower.
   MP+10:     It affects your magic capacity (+10).
Jewellery
 b - a ring of see invisible
 c - a ring of fire
 d - an amulet of regeneration (around neck)
 h - a +4 ring of slaying
 x - a +6 ring of dexterity
 I - a ring of resist corrosion
 J - an amulet of the acrobat
 K - an amulet of reflection
 P - a ring of poison resistance (right hand)
 R - a +4 ring of slaying (left hand)
 T - a +6 ring of strength
 W - an amulet of guardian spirit
Wands
 f - a wand of digging (6)
 l - a wand of paralysis (12)
 w - a wand of mindburst (7)
 A - a wand of polymorph (3)
 F - a wand of flame (15)
Scrolls
 a - a scroll of fear
 m - 2 scrolls of blinking
 n - a scroll of brand weapon
 r - 4 scrolls of poison
 s - a scroll of torment {unknown}
 u - a scroll of enchant weapon
 y - 5 scrolls of teleportation
 z - a scroll of revelation {unknown}
 G - 2 scrolls of immolation {unknown}
 X - 2 scrolls of silence {unknown}
Potions
 g - a potion of invisibility
 i - 2 potions of magic
 o - 4 potions of might
 p - 3 potions of mutation
 q - 3 potions of curing
 v - 2 potions of haste
 S - a potion of cancellation
 V - 2 potions of enlightenment


   Skills:
 + Level 13.7 Fighting
 - Level 14.4(16.7) Axes
 * Level 13.8(16.4) Maces & Flails
 + Level 13.3 Armour
 + Level 12.2 Dodging


You had 13 spell levels left.
You didn't know any spells.
Your spell library contained the following spells:

 Spells                   Type           Power      Damage    Failure   Level
 Freeze                   Ice            0%         1d3       100%        1
 Kiss of Death            Conj/Necr      0%         2d5       100%        1
 Magic Dart               Conj           0%         1d3       100%        1
 Sting                    Tmut/Pois      0%         1d3       100%        1
 Call Imp                 Summ           0%         N/A       100%        2
 Poisonous Vapours        Pois/Air       0%         N/A       100%        2
 Confusing Touch          Hex            0%         N/A       100%        3
 Frozen Ramparts          Ice            0%         1d1       100%        3
 Hailstorm                Conj/Ice       0%         3d3       100%        3
 Mephitic Cloud           Conj/Pois/Air  0%         N/A       100%        3
 Dispel Undead            Necr           0%         3d6       100%        4
 Olgreb's Toxic Radiance  Pois           0%         N/A       100%        4
 Simulacrum               Ice/Necr       0%         N/A       100%        6
 Ozocubu's Refrigeration  Ice            0%         4d7       100%        7
 Polar Vortex             Ice            0%         N/A       100%        9


Dungeon Overview and Level Annotations

Branches:
Dungeon (11/15)            Temple (1/1) D:5            Lair (5/5) D:11
  Snake (0/4) Lair:2        Slime (1/5) Lair:4      Ossuary (visited)
  Swamp: Lair:2-3    Shoals: Lair:2-3       Orc: D:9-12

Altars:
Ashenzari
Cheibriados
Dithmenos
Elyvilon
Fedhas
Gozag
Hepliaklqana
Kikubaaqudgha
Makhleb
Nemelex Xobeh
Okawaru
Qazlal
Ru
Sif Muna
Trog
Uskayaw
Vehumet
Wu Jian
Xom
Yredelemnul
Zin
The Shining One

Shops:
D:4 :   D:6 :=(*


Innate Abilities, Weirdness & Mutations

You have a pair of horns on your head.
You reflexively headbutt those who attack you in melee.


Message History

The splash of acid hits you!!
* * * LOW HITPOINT WARNING * * *
The slime creature hits you!
* * * LOW HITPOINT WARNING * * *
You feel better.
The acid blob hits you but does no damage.
You block the slime creature's attack.
A large slime creature splits.
The acid blob hits you!
* * * LOW HITPOINT WARNING * * *
You are splashed with acid!
* * * LOW HITPOINT WARNING * * *
Blink to where?
Press: ? - help, Q - select action, (/) - cycle Dir - move target Acid dripping from the walls corrodes you.
As you read the scroll of blinking, it crumbles to dust.
Two slime creatures merge to form a large slime creature.
You feel better.
There are monsters nearby!
There are monsters nearby!
There are monsters nearby!
There are monsters nearby!
There are monsters nearby!
There are monsters nearby!
There are monsters nearby!
There are monsters nearby!
There are monsters nearby!
The acid blob spits acid at you. The splash of acid misses you.
An acid blob is nearby!
Your skin crawls.
You feel strong-willed. The acid blob spits acid at you.
You block the splash of acid. The acid blob spits acid at you.
The splash of acid hits you!
* * * LOW HITPOINT WARNING * * *
The acid corrodes you! The acid blob spits acid at you.
The splash of acid hits you!!
You die...

.........## . .
##............## .#
..#.............#...
.#...............#..
..........JJ<......
#......#...J.JJ....
...........>......
##.##J..JJ......#..
#.@...J...#..#.##..
##..J....#....## .
##.............
#.....##.##.#.#
##....# ######
###.## ###


You could see 3 acid blobs, a large slime creature and a slime creature.

Vanquished Creatures
  Gastronok (Lair:2)
  The ghost of Talonman3 the Destroyer, a journeyman DrCj of Hepliaklqana (Lair:4)
  Snorg (Lair:4)
  A hydra (Lair:4)
  The ghost of Turbonekonecno the Unseen, a journeyman SpEn of Fedhas (Lair:1)
  A centaur warrior (D:11)
  5 two-headed ogres
  3 death yaks (Lair:5)
  A cyclops (D:11)
  An ugly thing (D:10)
  A manticore (D:11)
  9 black mambas
  2 elephants
  Maurice (D:10)
  A torpor snail (Lair:4)
  12 cane toads
  2 unseen horrors (D:11)
  2 gargoyles (D:11)
  Maggie (Lair:2)
  9 komodo dragons
  3 kobold demonologists (D:9)
  2 rime drakes (Lair:4)
  3 trolls
  6 polar bears (Lair:5)
  5 hornets (Lair:5)
  Grinder (D:3)
  3 blink frogs (Lair:5)
  A slime creature (Slime:1)
  4 dream sheep
  Sigmund (D:5)
  12 spriggans (Lair:5)
  3 shadows (D:11)
  5 wyverns
  A wraith (D:11)
  17 yaks
  7 basilisks
  A vampire mosquito (D:11)
  A steam dragon (Lair:4)
  4 acid dragons
  16 water moccasins
  An ice beast (D:6)
  A sky beast (D:6)
  8 black bears
  An orc warrior (D:11)
  An ogre (D:5)
  35 wolves
  5 boggarts
  8 centaurs
  4 kobold brigands
  Blork the orc (D:4)
  10 bullfrogs
  3 elf zombies (Ossuary)
  2 gnoll sergeants
  5 scorpions
  4 wights
  18 killer bees
  11 howler monkeys
  An electric eel (Lair:5)
  7 crimson imps (D:7)
  2 gnoll boudas (D:7)
  6 hounds
  5 orc priests
  A human zombie (Ossuary)
  A jelly (D:5)
  Ijyb (D:3)
  6 sleepcaps
  2 iguanas
  10 orc wizards
  4 hell rats (Lair:1)
  2 mummies (Ossuary)
  23 gnolls
  10 adders
  5 white imps
  An ufetubus (D:7)
  A worm zombie (D:5)
  2 dart slugs
  21 orcs
  3 endoplasms
  9 giant cockroaches
  A gnoll zombie (D:5)
  5 goblins
  A hobgoblin (D:2)
  27 kobolds
  4 quokkas
  7 ball pythons
  6 bats
  4 frilled lizards
  A goblin zombie (Ossuary)
  9 hobgoblin zombies (Ossuary)
  3 jackal zombies
  12 kobold zombies (Ossuary)
  7 orc zombies (Ossuary)
  7 rats
  2 rat zombies (Ossuary)
489 creatures vanquished.

Vanquished Creatures (collateral kills)
  A boulder beetle (Lair:3)
  A skyshark (Lair:3)
  7 elephants
  A rime drake (Lair:5)
  2 komodo dragons (Lair:5)
  A blink frog (Lair:5)
13 creatures vanquished.

Grand Total: 502 creatures vanquished

Notes
Turn   | Place    | Note
-------+----------+-------------------------------------------
     0 | D:1      | protic the Minotaur Berserker began the quest for the Orb.
     0 | D:1      | Reached XP level 1. HP: 19/19 MP: 0/0
   230 | D:1      | Reached XP level 2. HP: 27/27 MP: 1/1
   905 | D:2      | Reached XP level 3. HP: 33/33 MP: 2/2
  1133 | D:2      | Reached ** piety under Trog
  1215 | D:2      | Reached skill level 1 in Axes
  1561 | D:3      | Reached XP level 4. HP: 40/40 MP: 3/3
  1569 | D:3      | Noticed Grinder
  1569 | D:3      | Paralysed by Grinder for 3 turns
  1582 | D:3      | Killed Grinder
  1583 | D:3      | Reached skill level 3 in Axes
  1583 | D:3      | Reached XP level 5. HP: 47/47 MP: 4/4
  1867 | D:3      | Noticed Ijyb
  1874 | D:3      | Killed Ijyb
  1875 | D:3      | Reached XP level 6. HP: 28/55 MP: 5/5
  2198 | D:4      | Found a radiant altar of Vehumet.
  2493 | D:4      | Noticed Blork the orc
  2500 | D:4      | Killed Blork the orc
  2501 | D:4      | Reached skill level 5 in Fighting
  2501 | D:4      | Reached skill level 4 in Axes
  2501 | D:4      | Reached skill level 5 in Maces & Flails
  2614 | D:4      | Reached XP level 7. HP: 31/61 MP: 6/6
  2720 | D:4      | Found Ozisaci's Self-Published Books.
  2933 | D:5      | Entered Level 5 of the Dungeon
  3106 | D:5      | Reached skill level 5 in Axes
  3296 | D:5      | Found a sand-covered staircase.
  3315 | Ossuary  | Entered an ossuary
  3361 | Ossuary  | Reached *** piety under Trog
  3416 | Ossuary  | Reached skill level 5 in Armour
  3530 | Ossuary  | Reached skill level 6 in Axes
  3530 | Ossuary  | Reached XP level 8. HP: 70/70 MP: 7/7
  3689 | D:5      | Reached **** piety under Trog
  3711 | D:5      | Found a staircase to the Ecumenical Temple.
  3728 | Temple   | Entered the Ecumenical Temple
  3871 | D:5      | Noticed Sigmund
  3876 | D:5      | Killed Sigmund
  3877 | D:5      | Reached skill level 5 in Dodging
  4011 | D:5      | Reached skill level 7 in Axes
  4367 | D:6      | Found Didej's Antique Weapon Emporium.
  4367 | D:6      | Found Kuani's General Store.
  4367 | D:6      | Found Kuhype's Jewellery Boutique.
  4394 | D:6      | Bought a war axe for 84 gold pieces
  4531 | D:6      | Bought a ring of poison resistance for 240 gold pieces
  4613 | D:6      | Found Kurchetua's Book Boutique.
  4682 | D:6      | Reached XP level 9. HP: 78/78 MP: 8/8
  5256 | D:7      | Found a broken altar of Ashenzari.
  5275 | D:7      | Reached skill level 8 in Axes
  5534 | D:7      | Reached ***** piety under Trog
  5881 | D:7      | Reached skill level 9 in Axes
  6317 | D:8      | Found a sparkling altar of Nemelex Xobeh.
  6365 | D:8      | Reached XP level 10. HP: 72/88 MP: 9/9
  6383 | D:8      | Noticed a two-headed ogre
  6398 | D:8      | Killed a two-headed ogre
  6399 | D:8      | Reached skill level 10 in Axes
  6586 | D:8      | Found a stormy altar of Qazlal.
  6724 | D:8      | Found an ornate altar of the Wu Jian Council.
  6731 | D:8      | Found a white marble altar of Elyvilon.
  6738 | D:8      | Found a glowing golden altar of the Shining One.
  6800 | D:8      | Received a gift from Trog
  6852 | D:8      | Identified the +0 robe of Chimes {Dex+6}
  7402 | D:9      | Noticed a two-headed ogre
  7409 | D:9      | Killed a two-headed ogre
  7549 | D:9      | Noticed a two-headed ogre
  7568 | D:9      | Killed a two-headed ogre
  7569 | D:9      | Reached skill level 11 in Axes
  7586 | D:9      | Noticed a rust devil
  7869 | D:9      | Reached XP level 11. HP: 63/97 MP: 10/10
  8137 | D:10     | Entered Level 10 of the Dungeon
  8326 | D:10     | Noticed a white ugly thing
  8336 | D:10     | Killed a white ugly thing
  8777 | D:10     | Noticed Maurice
  8796 | D:10     | Killed Maurice
  8972 | D:11     | Reached skill level 12 in Axes
  9084 | D:11     | Found a staircase to the Lair.
  9179 | D:11     | Noticed a two-headed ogre
  9196 | D:11     | Killed a two-headed ogre
  9348 | D:11     | Noticed a centaur warrior
  9366 | D:11     | Reached skill level 10 in Maces & Flails
  9372 | D:11     | Reached skill level 10 in Fighting
  9436 | D:11     | Killed a centaur warrior
  9437 | D:11     | Reached skill level 13 in Axes
  9562 | D:11     | Noticed a two-headed ogre
  9570 | D:11     | Killed a two-headed ogre
  9994 | Lair:1   | Entered Level 1 of the Lair of Beasts
 10030 | Lair:1   | Reached XP level 12. HP: 107/107 MP: 11/11
 10148 | Lair:1   | Reached skill level 10 in Armour
 10536 | Lair:1   | Found a large runed translucent door.
 10536 | Lair:1   | Found a large runed translucent door.
 10540 | Lair:1   | Noticed Turbonekonecno's ghost (journeyman SpEn)
 10577 | Lair:1   | Killed Turbonekonecno's ghost
 11121 | Lair:2   | Noticed an eleionoma
 11297 | Lair:2   | Reached skill level 14 in Axes
 11413 | Lair:2   | Found a staircase to the Snake Pit.
 11451 | Lair:2   | Received a gift from Trog
 11705 | Lair:2   | Noticed Maggie
 11715 | Lair:2   | Killed Maggie
 11735 | Lair:2   | Noticed Gastronok
 11753 | Lair:2   | Killed Gastronok
 11856 | Lair:2   | Reached skill level 10 in Dodging
 11891 | Lair:3   | Noticed a boulder beetle
 11929 | Lair:3   | Killed a boulder beetle
 11931 | Lair:3   | Reached XP level 13. HP: 64/117 MP: 12/12
 12659 | Lair:4   | Found a staircase to the Slime Pits.
 12666 | Lair:4   | Noticed Snorg
 12691 | Lair:4   | Killed Snorg
 13265 | Lair:4   | Found a runed translucent gate.
 13265 | Lair:4   | Found a runed translucent gate.
 13265 | Lair:4   | Found a runed translucent gate.
 13266 | Lair:4   | Noticed Talonman3's ghost (journeyman DrCj)
 13291 | Lair:4   | Killed Talonman3's ghost
 13625 | Lair:5   | Entered Level 5 of the Lair of Beasts
 13694 | Lair:5   | Identified the +1 robe "Xiogi" {Int+4}
 13860 | Lair:5   | Received a gift from Trog
 14698 | Lair:5   | Reached XP level 14. HP: 129/129 MP: 13/13
 15159 | Slime:1  | Entered Level 1 of the Pits of Slime
 15164 | Slime:1  | Noticed an acid blob
 15170 | Slime:1  | Noticed an acid blob
 15173 | Slime:1  | Noticed an acid blob
 15178 | Slime:1  | HP: 2/130 [acid (8)]
 15187 | Slime:1  | Killed from afar by an acid blob

Illustrated notes

Levels and vault maps discovered:
D:1:      heliophobic_arrival_battle_scene, layout_rooms
D:2:      layout_loops_ring
D:3:      layout_loops_ring, uniq_grinder, uniq_ijyb
D:4:      layout_gridville, nicolae_vehumet_altar_sigil, nicolae_custom_books,
          uniq_blork_the_orc
D:5:      layout_loops_ring, minmay_temple_entry_trees, enter_ossuary_3,
          gup_sewer_entry_pipe, amcnicky_mini_rare_corridor_liquid, uniq_sigmund
D:6:      layout_loops_ring, serial_shops, nicolae_shop_advertising_works
          [nicolae_subvault_shop_adworks], nicolae_stop_n_shop_2, shop, shop,
          hellmonk_no_cap
D:7:      layout_basic, cheibrodos_ashenzari_chains, minmay_nine_imps
D:8:      layout_basic, mainiacjoe_overflow_tiny_flanked,
          grunt_temple_overflow_diamond, nemelex_diamond_rough_becter,
          minmay_starry_boxes
D:9:      layout_loops_ring
D:10:     layout_grid_maze, uniq_maurice
D:11:     cheibrodos_fzero, layout_gridville, grunt_lair_entry_orc_guard_hut
Temple:   hellmonk_temple_of_storms
Lair:1:   layout_small_grid, ebering_ghost_disaster_area
Lair:2:   layout_small_grid, alex1729_swamp_entry_worm_eleionoma,
          minmay_snake_entry_six_corridors, gauntlet_entry_generic,
          grunt_forest_large_clearing_hut, infiniplex_staircase_pool_2,
          uniq_gastronok, uniq_maggie
Lair:3:   layout_gridlike
Lair:4:   layout_loops_ring, slime_entry_1, ebering_ghost_rock_garden,
          st_stairs_4, lookout_lair_type, uniq_snorg
Lair:5:   minmay_lair_end_enchanted_forest, layout_gridlike,
          serial_bayou_shore_a
Slime:1:  layout_caves

Skill      XL: |  1  2  3  4  5  6  7  8  9 10 11 12 13 14 |
---------------+-------------------------------------------+-----
Maces & Flails | 4 5 6 8 9 10 11 13 | 13.8
Fighting       | 4 5 6 8 9 10 11 13 | 13.7
Armour         | 3 4 5 6 7 8 9 11 13 | 13.3
Axes           | 1 3 4 6 7 9 11 13 14 | 14.4
Dodging        | 3 4 5 6 7 9 10 11 12 | 12.2

Action                     |  1- 3 |  4- 6 |  7- 9 | 10-12 | 13-15 || total
---------------------------+-------+-------+-------+-------+-------++-------
  Melee: Mace              |    18 |       |       |       |       ||    18
         Headbutt          |    10 |     8 |    83 |   127 |   126 ||   354
         Hand axe          |    47 |    61 |   236 |       |       ||   344
         Punch             |       |     1 |     1 |       |       ||     2
         War axe           |       |       |   149 |   249 |       ||   398
         Morningstar       |       |       |       |   261 |   476 ||   737
  Throw: Dart              |       |       |     4 |       |       ||     4
 Invoke: Trog's Hand       |       |     1 |     3 |     3 |     4 ||    11
         Brothers in Arms  |       |       |       |     1 |     1 ||     2
  Evoke: Wand              |       |     1 |       |     1 |     2 ||     4
    Use: Potion            |     1 |       |     2 |     4 |     4 ||    11
         Scroll            |       |       |     4 |     5 |    23 ||    32
   Stab: Sleeping          |     1 |       |       |       |       ||     1
         Paralysed         |       |     7 |       |       |       ||     7
         Distracted        |       |       |       |       |     1 ||     1
 Armour: Animal skin       |    29 |       |       |       |       ||    29
         Ring mail         |     6 |    11 |       |       |       ||    17
         Plate armour      |       |    27 |   309 |   578 |   344 ||  1258
  Dodge: Dodged            |    38 |    32 |   163 |   183 |   144 ||   560
  Block: Kite shield       |       |       |       |   194 |   235 ||   429

Table legend: (Time is in decaauts)
 A = Elapsed time spent in this place.
 B = Non-inter-level travel time spent in this place.
 C = Inter-level travel time spent in this place.
 D = Time resting spent in this place.
 E = Time spent auto-exploring this place.
 F = Levels seen in this place.
 G = Mean time per level.
                   A        B        C        D        E       F      G
               +--------+--------+--------+--------+--------+-----+--------+
         Total |  16395 |  16395 |      0 |   1318 |   8915 |  19 |  862.9 |
       Dungeon |  10208 |  10208 |      0 |    955 |   6172 |  11 |  928.0 |
        Temple |     56 |     56 |      0 |      0 |      0 |   1 |   56.0 |
          Lair |   5783 |   5783 |      0 |    363 |   2712 |   5 | 1156.6 |
    Slime Pits |     29 |     29 |      0 |      0 |      0 |   1 |   29.0 |
       Ossuary |    318 |    318 |      0 |      0 |     30 |   1 |  318.0 |
               +--------+--------+--------+--------+--------+-----+--------+

Top non-repeatable levels by time:
  Lair:5: 1615 daAuts
     D:8: 1248 daAuts
  Lair:4: 1228 daAuts
  Lair:1: 1208 daAuts
    D:11: 1171 daAuts
     D:5: 1148 daAuts
     D:7: 1085 daAuts
     D:6: 906 daAuts
  Lair:3: 877 daAuts
    D:10: 867 daAuts
  Lair:2: 855 daAuts
     D:9: 834 daAuts
     D:4: 812 daAuts
     D:2: 743 daAuts
     D:1: 730 daAuts
